 Dungeon Crawl Stone Soup version 0.31-a0-1-g4198be8af4 (webtiles) character file.

Game seed: 14200660042304763254

3 DiggyJ the Conjurer (level 1, 0/9 HPs)
             Began as a Vine Stalker Conjurer on May 2, 2023.
             Slain by a gnoll
             ... wielding a +0 spear
              (5 damage)
             ... on level 1 of the Dungeon.
             The game lasted 00:00:16 (108 turns).

DiggyJ the Conjurer (Vine Stalker Conjurer)          Turns: 108, Time: 00:00:16

Health: 0/9        AC:  2    Str:  9    XL:     1   Next: 50%
Magic:  0/4        EV: 12    Int: 18    God:
Gold:   0          SH:  0    Dex: 12    Spells: 3/4 levels left

rFire   . . .        (no weapon)
rCold   . . .        (no shield)
rNeg    . . .        a - +0 robe
rPois   .            (no helmet)
rElec   .            (no cloak)
rCorr   .            (no gloves)
SInv    .            (no boots)
Will    .....        (no amulet)
Stlth   ++           (no ring)
HPRegen 0.21/turn    (no ring)
MPRegen 0.09/turn

%: guardian spirit
@: no status effects
A: fangs 2, magic shield, antimagic bite, no potion heal 2
a: no special abilities


You were on level 1 of the Dungeon.
You visited 1 branch of the dungeon, and saw 1 of its levels.

Inventory:

Armour
 a - a +0 robe (worn)
Potions
 b - a potion of magic
 c - a potion of haste {unknown}


   Skills:
 + Level 1.7 Dodging
 + Level 2.4 Stealth
 + Level 2.2 Spellcasting
 + Level 4.1 Conjurations


You had 3 spell levels left.
You knew the following spells:

 Your Spells              Type           Power      Damage    Failure   Level
a - Magic Dart            Conj           64%        1d6       3%          1

Your spell library contained the following spells:

 Spells                   Type           Power      Damage    Failure   Level
 Searing Ray              Conj           32%        2d5       4%          2
 Dazzling Flash           Conj/Hex       18%        N/A       22%         3
 Fulminant Prism          Conj/Hex       4%         3d5       58%         4
 Iskenderun's Mystic Bla  Conj/Tloc      9%         2d4       58%         4


Dungeon Overview and Level Annotations

Branches:
Dungeon (1/15)

Altars:


Innate Abilities, Weirdness & Mutations

You have extremely sharp teeth.
When hurt, damage is shared between your health and your magic reserves.
Your bite disrupts and absorbs the magic of your enemies.
Potions cannot restore your health.


Message History

A ball python comes into view.
There is an open door here.
The magic dart hits the ball python.
The ball python is heavily wounded.
The magic dart hits the ball python.
You kill the ball python!
Magic restored.
You open the door.
A ball python comes into view.
There is an open door here.
The magic dart hits the ball python.
The ball python is severely wounded.
The ball python hisses angrily.
The magic dart hits the ball python.
You kill the ball python!
c - a bubbling dark potion A giant cockroach and a gnoll come into view.
The gnoll shouts!
The magic dart hits the gnoll.
The gnoll is lightly wounded.
A hobgoblin comes into view.
The magic dart hits the gnoll but does no damage.
The gnoll is lightly wounded.
The hobgoblin shouts!
The magic dart hits the gnoll.
The gnoll is lightly wounded.
The magic dart hits the gnoll.
The gnoll is heavily wounded.
You are out of magic!
The gnoll hits you from afar with a +0 spear.
The magic dart hits the giant cockroach.
You kill the giant cockroach!
The gnoll hits you from afar with a +0 spear.
The hobgoblin barely misses you. The gnoll closely misses you.
You see here a giant cockroach corpse.
You closely miss the hobgoblin.
You bite the hobgoblin, but do no damage.
The hobgoblin hits you. The gnoll hits you with a +0 spear.
Ouch! That really hurt!
You die...

## .. ..# ..# .# #.# ... ##.#
#.# #.. #.. #.# #.#### #.##
### #.##
###....###..###.###..### ##
#............##..#.....#...
#............g##..#........
..#......#####g@.........#####
......####
..####.....####...### ....##
.....###'###......... ...
⌠....†.'.'......<.... ..
.....###'###......... .
..####.....####...###
.#####.....###...#####
........##...# ....
....########## ###


You could see a gnoll and a hobgoblin.

Vanquished Creatures
  2 ball pythons (D:1)
  A giant cockroach (D:1)
3 creatures vanquished.

Notes
Turn   | Place    | Note
-------+----------+-------------------------------------------
     0 | D:1      | DiggyJ the Vine Stalker Conjurer began the quest for the
                  | Orb.
     0 | D:1      | Reached XP level 1. HP: 9/9 MP: 4/4
   108 | D:1      | Slain by a gnoll

Illustrated notes

Levels and vault maps discovered:
D:1:      elethiomel_arrival_infinity_welcomes_careful_drivers, layout_basic,
          chequers_serial_rivers_micro_a, palyth_stone_intersect

Action                     || total
---------------------------++-------
  Melee: Unarmed           ||     1
         Bite              ||     1
   Cast: Magic Dart        ||     9
  Dodge: Dodged            ||     2

Table legend: (Time is in decaauts)
 A = Elapsed time spent in this place.
 B = Non-inter-level travel time spent in this place.
 C = Inter-level travel time spent in this place.
 D = Time resting spent in this place.
 E = Time spent auto-exploring this place.
 F = Levels seen in this place.
 G = Mean time per level.
                   A        B        C        D        E       F      G
               +--------+--------+--------+--------+--------+-----+--------+
         Total |    108 |    108 |      0 |      0 |     76 |   1 |  108.0 |
       Dungeon |    108 |    108 |      0 |      0 |     76 |   1 |  108.0 |
               +--------+--------+--------+--------+--------+-----+--------+

Top non-repeatable levels by time:
     D:1: 108 daAuts
